 Dungeon Crawl Stone Soup version 0.31-a0-819-gf6de2f5ab6 (webtiles) character file.

Game seed: 16863013442391357849

38 qw the Shooter (level 3, -3/22 HPs)
             Began as a Gargoyle Hunter on Sept 23, 2023.
             Slain by a hobgoblin
             ... wielding a +0 quarterstaff
              (14 damage)
             ... on level 2 of the Dungeon.
             The game lasted 00:00:22 (846 turns).

qw the Shooter (Gargoyle Hunter)                     Turns: 846, Time: 00:00:22

Health: -3/22      AC:  7    Str: 14    XL:     3   Next: 43%
Magic:  3/3        EV: 11    Int:  9    God:
Gold:   16         SH:  0    Dex: 15    Spells: 2/2 levels left

rFire   . . .        Y - +0 shortbow
rCold   . . .        (shield currently unavailable)
rNeg    + . .        c - +0 leather armour
rPois   inf          (no helmet)
rElec   +            (no cloak)
rCorr   .            (no gloves)
SInv    .            h - +0 pair of boots
Will    .....        (no amulet)
Stlth   ++           (no ring)
HPRegen 0.23/turn    (no ring)
MPRegen 0.08/turn

%: no passive effects
@: no status effects
A: sickness immunity, AC +3, negative energy resistance 1, electricity
resistance, torment resistance 1, petrification resistance
a: no special abilities


You were on level 2 of the Dungeon.
You visited 1 branch of the dungeon, and saw 2 of its levels.

You collected 16 gold pieces.


Innate Abilities, Weirdness & Mutations

You are immune to sickness and miasma.
Your stone body is resilient. (AC +3)
You are immune to poison.
You resist negative energy. (rN+)
You are resistant to electric shocks. (rElec)
You are resistant to unholy torment.
You are immune to petrification.


   Skills:
 + Level 2.5 Fighting
 - Level 5.0 Ranged Weapons
 - Level 1.5 Dodging
 - Level 1.1 Stealth


You had 2 spell levels left.
You didn't know any spells.
Your spell library was empty.

Inventory:

Hand Weapons
 Y - a +0 shortbow (weapon)
Armour
 c - a +0 leather armour (worn)
 h - a +0 pair of boots (worn)
Scrolls
 a - 4 scrolls of teleportation
 d - a scroll of noise {unknown}
Potions
 b - a potion of haste {unknown}
 e - a potion of curing {unknown}

Dungeon Overview and Level Annotations

Branches:
Dungeon (2/15)

Altars:

Annotations:
D:2 1 runed translucent door, Crazy Yiuf, Robin


Message History

2 goblins come into view.
You see here a scroll labelled KIBENE AGAIHU.
You shoot an arrow. The arrow hits the goblin.
You kill the goblin!
d - a scroll labelled KIBENE AGAIHU You shoot an arrow.
The arrow hits the goblin but does no damage.
A hobgoblin comes into view. It is wielding a +0 quarterstaff.
You shoot an arrow. The arrow barely misses the hobgoblin.
The hobgoblin shouts!
You hear a shout!
A goblin comes into view. It is wielding a +0 club. x2
You hear a shout!
The goblin shouts!
You hear a shout!
You shoot an arrow. The arrow closely misses the hobgoblin.
The arrow closely misses the goblin.
The goblin shouts!
You hear a shout!
Robin of the Strong Arm comes into view.
They are wielding a +0 falchion.
A goblin comes into view. It is wielding a +0 club.
You shoot an arrow. The arrow barely misses the goblin.
Robin roars a battlecry!
The goblins go into a battle-frenzy!
A goblin comes into view. It is wielding a +0 dagger.
You shoot an arrow. The arrow closely misses the goblin.
A goblin comes into view. It is wielding a +0 club.
A quokka comes into view.
The goblin hits you with a +0 club.
A goblin comes into view. It is wielding a +0 dagger.
The goblin moves out of view.
You shoot an arrow. The arrow barely misses the goblin.
The goblin hits you with a +0 club.
You shoot an arrow. The arrow hits the goblin!
You kill the goblin!
You shoot an arrow. The arrow closely misses the hobgoblin.
The hobgoblin hits you with a +0 quarterstaff!
You shoot an arrow. The arrow hits the hobgoblin.
The hobgoblin is moderately wounded.
The hobgoblin hits you with a +0 quarterstaff!
Ouch! That really hurt!
You die...

.##.# #...# ..>%!.
.##.# #...# .....
....######...#####.....
........# #........#
.#...##.# #.......##
.#..>##.###.###....#
#......<......#..#...#
#....##.###.#.#..# ###
#....##.# #.#.#.@#
.###....# #.....g# +#
###### #.#....g ##
#.######g .# #.# #. ##
... #g .# .. ## .. #


You could see a hobgoblin (strong) and 3 goblins.

Vanquished Creatures
  2 dart slugs (D:1)
  6 ball pythons
  3 bats
  An endoplasm (D:1)
  4 goblins
  A hobgoblin (D:1)
  5 frilled lizards (D:1)
  7 kobolds (D:1)
  5 rats
34 creatures vanquished.

Notes
Turn   | Place    | Note
-------+----------+-------------------------------------------
     0 | D:1      | qw the Gargoyle Hunter began the quest for the Orb.
     0 | D:1      | Reached XP level 1. HP: 12/12 MP: 1/1
     0 | D:1      | 0 ||| qw: Version: 0.3-a-83-gcd0e7d8
     0 | D:1      | 0 ||| qw: Game counter: 1467
     0 | D:1      | 0 ||| qw: Melee chars always use a shield: true
     0 | D:1      | 0 ||| qw: God list: Okawaru
     0 | D:1      | 0 ||| qw: Allow faded altars: false
     0 | D:1      | 0 ||| qw: Do Orc after clearing Dungeon:15 true
     0 | D:1      | 0 ||| qw: Do second Lair branch before Depths: true
     0 | D:1      | 0 ||| qw: Lair rune preference: random
     0 | D:1      | 0 ||| qw: Goals: Normal
     0 | D:1      | 0 ||| PLANNING D:1-11
    98 | D:1      | Reached XP level 2. HP: 17/17 MP: 2/2
   517 | D:1      | Reached XP level 3. HP: 21/21 MP: 3/3
   548 | D:1      | Reached skill level 5 in Ranged Weapons
   716 | D:1      | 716 ||| UPGRADING to +0 pair of boots.
   721 | D:1      | 721 ||| READING 4 scrolls labelled KAETIO RUTTE.
   724 | D:1      | 724 ||| READING 2 scrolls labelled VANKEI RULLEP.
   725 | D:1      | 725 ||| READING scroll labelled FIRAOF OMAM.
   726 | D:1      | 726 ||| DROPPING scroll of butterflies.
   727 | D:1      | 727 ||| DROPPING scroll of vulnerability.
   783 | D:2      | Found a runed translucent door.
   784 | D:2      | Noticed Crazy Yiuf
   840 | D:2      | Noticed Robin
   846 | D:2      | Slain by a hobgoblin

Levels and vault maps discovered:
D:1:      beargit_arrival_greenhouse, layout_loops_ring
D:2:      layout_loops_cross, basic_altar, uniq_robin, uniq_natasha,
          uniq_crazy_yiuf_cottage

Skill      XL: |  1  2  3 |
---------------+----------+-----
Ranged Weapons | 5 |  5.0
Fighting       | |  2.5
Dodging        | |  1.5
Stealth        | |  1.1

Action                     || total
---------------------------++-------
   Fire: Shortbow          ||    90
    Use: Scroll            ||     3
 Armour: Leather armour    ||    20
  Dodge: Dodged            ||    13

Table legend:
 A = Non-vault XP
 B = Vault XP
 C = Vault XP percentage of total XP
 D = Non-vault monster count
 E = Vault monster count
 F = Vault count percentage of total count
                 A         B        C        D         E       F
            +---------+---------+-------+---------+---------+-------
      Total |      51 |       4 |   7.3 |      32 |       2 |   5.9
            +---------+---------+-------+---------+---------+-------
        D:1 |      42 |       0 |   0.0 |      26 |       0 |   0.0
        D:2 |       9 |       4 |  30.8 |       6 |       2 |  25.0
            +---------+---------+-------+---------+---------+-------
